 Dungeon Crawl Stone Soup version 0.26-a0-540-g8a0c9464d7 (webtiles) character file.

Game seed: 4945811677443324141

1527876 Gorglomux the Slayer (level 26, 229/229 HPs)
             Began as a Felid Ice Elementalist on Aug 24, 2020.
             Was the Champion of Okawaru.
             Escaped with the Orb
             ... and 3 runes!
             The game lasted 03:23:28 (82256 turns).

Gorglomux the Slayer (Felid Ice Elementalist)      Turns: 82256, Time: 03:23:29

Health: 229/229    AC: 24    Str: 15    XL:     26   Next: 2%
Magic:  39/43      EV: 24    Int: 19    God:    Okawaru [******]
Gold:   404        SH:  0    Dex: 29    Spells: 19/55 levels left
                                        Lives:  2   Deaths: 3

rFire    + + .     SeeInvis +     - Unarmed
rCold    x . .     Faith    .   (shield unavailable)
rNeg     . . .     Spirit   .   (armour unavailable)
rPois    +         Reflect  .   (helmet unavailable)
rElec    .         Harm     .   (cloak unavailable)
rCorr    .         Clarity  +   (gloves unavailable)
MR       +++..                  (boots unavailable)
Stlth    +++++.....             k - amulet of Vitality {Regen+ HP+15}
HPRegen  0.88/turn              r - ring of Shadows {Umbra +Inv Stlth+}
MPRegen  0.28/turn              s - ring of Robustness {AC+8}

@: dragon-form, flying, wreathed by umbra
A: giant, no armour, no weapons or thrown items, stealth, thin skeletal
structure 2, see invisible, agile 1, clarity, deterioration 1, dopey 1
0: Orb of Zot
}: 3/15 runes: barnacled, silver, gossamer
a: End Transformation, Heroism, Finesse, Renounce Religion, Breathe Fire, Evoke
Invisibility


You escaped.
You worshipped Okawaru.
Okawaru was exalted by your worship.
You were a fearsome dragon!
You visited 10 branches of the dungeon, and saw 50 of its levels.
You visited 1 bazaar.
You also visited: Ice Cave, Volcano and Wizlab.

You collected 8022 gold pieces.
You spent 7618 gold pieces at shops.

Inventory:

Jewellery
 d - the ring of Uschuxuw {rElec rN+ Str+2}
   (You took it off a deep elf demonologist on level 3 of the Elven Halls)

   [ring of positive energy]

   It affects your strength (+2).
   It insulates you from electricity.
   It protects you from negative energy.
 g - an uncursed ring of resist corrosion
 k - the amulet of Vitality (around neck) {Regen+ HP+15}
   (You bought it in a shop in a bazaar)

   [amulet of regeneration]

   It affects your health (+15).
   It increases your rate of regeneration.
 o - an uncursed ring of poison resistance
 r - the ring of Shadows (left foreclaw) {Umbra +Inv Stlth+}
   (You bought it in a shop in a bazaar)

   [ring of stealth]

   It lets you turn invisible.
   It makes you more stealthy.
 s - the ring of Robustness (right foreclaw) {AC+8}
   (You found it on level 6 of the Lair of Beasts)

   [ring of protection]

   It affects your AC (+8).
 t - an uncursed amulet of magic regeneration
 y - the ring "Ogo Qai" {rC+ Slay+4}
   (You found it on level 4 of the Shoals)

   [ring of slaying]

   It affects your accuracy and damage with ranged weapons and melee attacks
   (+4).
   It protects you from cold.
 K - the ring "Vyntuac" {*Slow rF++ MR+ Dex+6}
   (You found it on level 13 of the Dungeon)

   [ring of dexterity]

   It affects your dexterity (+6).
   It greatly protects you from fire.
   It affects your resistance to hostile enchantments.
   It may slow you when you take damage.
Wands
 A - a wand of acid (59)
 D - a wand of digging (13)
 E - a wand of enslavement (16)
 I - a wand of iceblast (15)
 J - a wand of polymorph (33)
 P - a wand of paralysis (4)
 S - a wand of disintegration (25)
 V - a wand of flame (118)
Scrolls
 a - 10 scrolls of immolation
 c - 9 scrolls of amnesia
 i - 5 scrolls of vulnerability
 j - 4 scrolls of silence {!r}
 m - a scroll of fog
 B - 4 scrolls of blinking
 C - 4 scrolls of summoning
 L - 2 scrolls of holy word
 M - a scroll of magic mapping
 R - 16 scrolls of identify
 T - 24 scrolls of teleportation
 W - 28 scrolls of remove curse
Potions
 e - 3 potions of magic
 f - 10 potions of mutation
 h - 7 potions of heal wounds
 l - 3 potions of flight
 n - 6 potions of berserk rage
 p - 2 potions of cancellation
 q - 8 potions of resistance
 v - 4 potions of lignification
 x - 7 potions of might
 z - 11 potions of brilliance
 F - 2 potions of invisibility
 G - 4 potions of stabbing
 H - 7 potions of haste
 O - 6 potions of ambrosia
 Q - 18 potions of curing
 Z - a potion of experience
Miscellaneous
 u - a lightning rod (4/4)
 w - a phantom mirror
 N - a condenser vane (2/2)
 U - a phial of floods
 X - a box of beasts (3/3)
 Y - a tin of tremorstones (3/3)


   Skills:
 + Level 24.1 Fighting
 - Level 20.0 Dodging
 - Level 16.0 Stealth
 - Level 22.0 Unarmed Combat
 - Level 15.0 Spellcasting
 - Level 4.0 Conjurations
   Level 4.0 Summonings
 - Level 8.9 Translocations
 - Level 17.0 Transmutations
 - Level 10.0 Ice Magic
 - Level 9.0 Earth Magic
 - Level 11.0 Invocations
 - Level 12.0 Evocations


You had 19 spell levels left.
You knew the following spells:

 Your Spells              Type           Power        Failure   Level
a - Freeze                Ice            ####         1%          1
b - Frozen Ramparts       Ice            ######       1%          3
c - Hailstorm             Conj/Ice       #####...     2%          4
e - Lesser Beckoning      Tloc           #####.....   1%          3
h - Ozocubu's Armour      Ice            ######..     1%          3
u - Blade Hands           Tmut           ######....   1%          5
I - Ice Form              Ice/Tmut       ######..     1%          4
T - Dragon Form           Tmut           ######....   3%          7
Y - Statue Form           Tmut/Erth      ######...    3%          6

Your spell library contained the following spells:

 Spells                   Type           Power        Failure   Level
 Beastly Appendage        Tmut           ######       0%          1
 Wereblood                Tmut           ######..     0%          2
 Apportation              Tloc           #####.       1%          1
 Foxfire                  Conj/Fire      ###.         1%          1
 Sandblast                Erth           #####.       1%          1
 Shock                    Conj/Air       ###.         1%          1
 Sting                    Tmut/Pois      ####         1%          1
 Summon Small Mammal      Summ           ####         1%          1
 Blink                    Tloc           N/A          1%          2
 Ensorcelled Hibernation  Hex/Ice        ####..       1%          2
 Passwall                 Tmut/Erth      ######..     1%          2
 Gell's Gravitas          Tloc           #####.....   1%          3
 Ignite Poison            Fire/Tmut/Pois #####...     1%          3
 Spider Form              Tmut/Pois      #####.....   1%          3
 Stone Arrow              Conj/Erth      #####.       1%          3
 Teleport Other           Tloc           #####...     1%          3
 Petrify                  Tmut/Erth      ######..     1%          4
 Irradiate                Conj/Tmut      ######....   1%          5
 Hydra Form               Tmut           ######....   1%          6
 Summon Ice Beast         Ice/Summ       #####...     2%          4
 Iskenderun's Mystic Bla  Conj/Tloc      #####...     3%          4
 Alistair's Intoxication  Tmut/Pois      #####....    3%          5
 Lee's Rapid Deconstruct  Erth           #####.....   3%          5
 Yara's Violent Unravell  Hex/Tmut       #####.....   3%          5
 Animate Skeleton         Necr           ##....       4%          1
 Corona                   Hex            ##.....      4%          1
 Pain                     Necr           ##..         4%          1
 Dazzling Flash           Conj/Hex       ###...       6%          3
 Static Discharge         Conj/Air       ###.....     6%          3
 Corpse Rot               Necr/Air       N/A          7%          2
 Sublimation of Blood     Necr           ##........   7%          2
 Swiftness                Air            ##......     7%          2
 Leda's Liquefaction      Hex/Erth       ####......   7%          4
 Summon Forest            Summ/Tloc      #####.....   9%          5
 Ozocubu's Refrigeration  Ice            ######....   11%         6
 Confusing Touch          Hex            ##......     13%         3
 Inner Flame              Hex/Fire       ##......     13%         3
 Tukima's Dance           Hex            ##......     13%         3
 Vampiric Draining        Necr           ##........   13%         3
 Metabolic Englaciation   Hex/Ice        ####......   16%         5
 Fulminant Prism          Conj/Hex       ###.......   19%         4
 Sticky Flame             Conj/Fire      ###.....     19%         4
 Summon Lightning Spire   Summ/Air       ###.....     19%         4
 Borgnjor's Vile Clutch   Necr/Erth      ####......   19%         5
 Bolt of Magma            Conj/Fire/Erth ####......   21%         5
 Eringya's Noxious Bog    Tmut/Pois      #####.....   21%         6
 Iskenderun's Battlesphe  Conj           ####....     24%         5
 Airstrike                Air            ##........   41%         4
 Animate Dead             Necr           ##........   41%         4
 Cause Fear               Hex            ##........   41%         4
 Olgreb's Toxic Radiance  Pois           ##......     41%         4
 Iron Shot                Conj/Erth      #####.....   43%         6
 Fireball                 Conj/Fire      ###.......   47%         5
 Lightning Bolt           Conj/Air       ###.......   47%         5
 Summon Mana Viper        Hex/Summ       ###.....     47%         5
 Simulacrum               Ice/Necr       ####......   65%         6
 Freezing Cloud           Conj/Ice/Air   ####......   71%         6
 Agony                    Necr           ##......     77%         5
 Silence                  Hex/Air        ##........   77%         5
 Conjure Ball Lightning   Conj/Air       ###.......   96%         6
 Starburst                Conj/Fire      ###.......   96%         6
 Death Channel            Necr           ##........   100%        6
 Invisibility             Hex            ##......     100%        6
 Orb of Destruction       Conj           ####......   100%        7
 Spellforged Servitor     Conj/Summ      ####......   100%        7
 Summon Hydra             Summ           ####......   100%        7
 Chain Lightning          Conj/Air       ###.......   100%        8
 Discord                  Hex            ##........   100%        8
 Disjunction              Tloc           #####.....   100%        8
 Ignition                 Fire           ##........   100%        8
 Lehudib's Crystal Spear  Conj/Erth      #####.....   100%        8
 Absolute Zero            Ice            ######....   100%        9
 Fire Storm               Conj/Fire      ###.......   100%        9
 Shatter                  Erth           #####.....   100%        9
 Passage of Golubria      Tloc           Unusable     N/A         4
 Portal Projectile        Hex/Tloc       Unusable     N/A         3

Dungeon Overview and Level Annotations

Branches:
Dungeon (15/15)            Temple (1/1) D:6            Lair (6/6) D:9
 Shoals (4/4) Lair:4       Spider (4/4) Lair:4        Slime (0/5) Lair:6
    Orc (2/2) D:9             Elf (3/3) Orc:2        Vaults (5/5) D:13
  Crypt (0/3) Vaults:2     Depths (5/5) D:15            Zot (5/5) Depths:5
  IceCv (visited)         Volcano (visited)          WizLab (visited)

Altars:
Ashenzari
Cheibriados
Dithmenos
Elyvilon
Fedhas
Gozag
Hepliaklqana
Kikubaaqudgha
Makhleb
Nemelex Xobeh
Okawaru
Qazlal
Ru
Sif Muna
Trog
Uskayaw
Vehumet
Wu Jian
Xom
Yredelemnul
Zin
The Shining One
Jiyva

Shops:
D:9 :   D:12 (   Orc:1 :   Orc:2 ?(}!:   Elf:1 [   Shoals:4 [!   Vaults:2 [*
Vaults:4 *   Vaults:5 ?!?!??   Depths:2 *   Depths:5 (

Portals:
Hell: Depths:1 Depths:2 Depths:3 Depths:4 Depths:5*
Abyss: Depths:4
Pandemonium: Depths:2 Depths:3
Ziggurat: Depths:4
Trove: Elf:1 (give 7 potions of haste)

Annotations:
D:5 exclusion: 2 doors
D:7 Harold
D:10 3 runed translucent doors, kobby's ghost, journeyman NaFi
Lair:4 exclusion: oklob plant
Spider:2 3 runed translucent doors, p0werm0de's ghost, journeyman MiFi
Elf:2 3 runed translucent doors
Vaults:2 3 runed translucent doors, exclusion: obsidian statue, Nybbakke's ghost, adept MiFi
Depths:2 2 transporters
Zot:2 3 runed translucent doors, p0werm0de's ghost, adept DDFi


Innate Abilities, Weirdness & Mutations

You cannot wear armour.
You are incapable of wielding weapons or throwing items.
Your paws allow you to move quietly. (Stealth)
((You have sharp claws.))
((You have razor-sharp teeth.))
You have supernaturally acute eyesight. (SInv)
((You cover ground quickly.))
((Your thick and shaggy fur keeps you warm. (AC +3, rC+)))
((Your sharp claws are effective at attacking unaware monsters.))
You have a moderately thin skeletal structure. (Dex +4, Stealth+)
You are agile. (Dex +2)
You possess an exceptional clarity of mind.
Your body sometimes deteriorates upon taking damage.
You are dopey. (Int -2)
((Your flesh is heat resistant. (rF+)))


Message History

(V) Vaults (C) Crypt (U) Depths (H) Hell (Z) Zot
Where to? (Enter - D:1 @ (x,y), ? - help)
There is a stone staircase leading up here.
You climb upwards.
Level annotation: Harold
There is a stone staircase leading down here.
There is a stone staircase leading up here.
You climb upwards.
There is a stone staircase leading down here.
There is a stone staircase leading up here.
You climb upwards.
Level annotation: exclusion: 2 doors
There is a stone staircase leading down here.
Your transformation is almost over.
There is an open door here.
Magic restored.
There is a stone staircase leading up here.
You climb upwards.
You feel like a meek peon again.
There is a stone staircase leading down here.
You revert to your normal fleshy form.
Your paws slow down.
There is a stone staircase leading up here.
You climb upwards.
There is a stone staircase leading down here.
You see here a +0 club.
There is a stone staircase leading up here.
You climb upwards.
There is a stone staircase leading down here.
There is an open door here.
There is a stone staircase leading up here.
You climb upwards.
There is a stone staircase leading down here.
A ynoxinul comes into view.
The ynoxinul gestures.
The ynoxinul gestures.
The ynoxinul gestures.
Casting: Statue Form (dangerous; 3% risk of failure)
Confirm with . or Enter, or press ? or * to list all spells.
You turn into a fearsome dragon!
The ufetubus misses you. x2
There is an escape hatch in the floor here.
The ufetubus hits you but does no damage.
The ufetubus closely misses you. The ufetubus misses you.
The ufetubus barely misses you. The ufetubus closely misses you.
The ufetubus hits you.
There is a staircase leading out of the dungeon here.
HP restored.
The ufetubus completely misses you. x4
You have escaped!

#.#############..#≈#..##.........
#.##### ##.#..##..#≈..#..#####..
#.....# #.#.##.##.##.##.....##..
#.###.# #.#.#..###.#.§#.....#...
#.# #.## ###.#.###.##.≈#.........
#.# #..####.##.#..#.##.#..######.
#.# ##...#..#§##..##...##.# #(
..# #...#.#§#.#55≈.####..######.
.## #...##§.#.#D5.5####.........
.# ###..##.#.######5.≈#.........
.# #......###...###...#.........
.# ##....##..####.##≈5≈#.........
.###.....######..###≈5≈#.........
.##......###########§≈5#.........
.##..................35..........
.##...........#.......55.........
.##...........#.#..#.............


You could see 5 ufetubi.

Vanquished Creatures
  5 orbs of fire (Zot:5)
  6 ancient liches
  Boris (Depths:3)
  5 Killer Klowns (Zot:5)
  3 curse toes
  Saint Roka (Depths:3)
  A golden dragon (Zot:4)
  A caustic shrike (Depths:3)
  A bone dragon (Depths:5)
  2 electric golems
  2 liches
  The ghost of Graouh the Warrior, an adept MiFi of Okawaru (Shoals:4)
  10 tentacled monstrosities
  3 titans
  21 Orb Guardians (Zot:5)
  A quicksilver dragon (shapeshifter) (Vaults:4)
  A deep elf master archer (Elf:3)
  A deep elf blademaster (Elf:3)
  7 quicksilver dragons
  4 death cobs
  Polyphemus (Shoals:3)
  2 krakens
  A pandemonium lord (D:8)
  A sphinx (Vaults:4)
  9 tengu reavers
  Kirke (Spider:3)
  13 storm dragons
  6 shadow dragons
  14 fire giants
  6 draconian monks
  17 vault wardens
  A ghost moth (shapeshifter) (Vaults:4)
  3 draconian scorchers
  5 ghost moths
  10 frost giants
  13 deep elf sorcerers
  8 emperor scorpions
  8 draconian knights
  5 deep elf elementalists
  3 spriggan defenders (Depths:3)
  3 draconian shifters
  21 stone giants
  3 draconian stormcallers
  7 draconian annihilators
  24 very ugly things
  12 ironheart preservers
  8 deep elf demonologists
  3 war gargoyles
  5 entropy weavers
  7 green draconians
  5 large abominations
  A dire elephant (shapeshifter) (Vaults:5)
  2 vampire knights
  7 black draconians
  4 yellow draconians
  6 deep elf annihilators
  7 white draconians
  9 red draconians
  21 purple draconians
  7 spark wasps
  An eidolon (Vaults:2)
  The ghost of Jaegizoku the Slinger, a journeyman HaHu of Okawaru (D:9)
  10 deep elf death magi
  9 statues (WizLab)
  6 merfolk javelineers
  A blizzard demon (Depths:3)
  13 ettins
  11 merfolk impalers
  A crystal guardian (Vaults:4)
  16 yaktaur captains
  3 jiangshi (Depths:2)
  Josephine (D:14)
  4 deep elf high priests (Elf:3)
  12 fire dragons
  6 great orbs of eyes
  9 ice dragons
  7 rakshasas
  7 hydras
  41 vault guards
  3 merfolk aquamancers (Shoals:4)
  An alligator (Lair:6)
  9 centaur warriors
  An alligator snapping turtle (shapeshifter) (Vaults:4)
  2 catoblepae
  2 alligator snapping turtles
  3 spriggan air magi
  3 merfolk avatars
  2 death knights
  A queen ant (D:10)
  12 death yaks
  26 two-headed ogres
  5 orc high priests
  3 deep troll shamans
  A satyr (Shoals:3)
  9 ogre magi
  13 dancing weapons
  9 tengu warriors
  2 vampire magi
  Urug (Lair:6)
  8 deep troll earth magi
  10 spriggan berserkers
  Sonja (Orc:1)
  7 small abominations
  16 deep elf knights
  9 skeletal warriors
  A shadow wraith (Vaults:2)
  8 unseen horrors
  7 hell knights
  13 sea snakes
  An iron troll (Depths:4)
  2 obsidian statues
  A deep troll (shapeshifter) (Depths:3)
  A golden dragon skeleton (Depths:3)
  9 wizards
  13 deep elf archers
  5 glowing orange brains
  A shadow dragon zombie (D:15)
  24 deep trolls
  A lindwurm (Lair:4)
  4 phantasmal warriors
  14 ironbrand convokers
  7 flayed ghosts
  An orb spider (shapeshifter) (Depths:3)
  17 orc knights
  4 necromancers
  67 deep elf magi
  12 orb spiders
  21 wolf spiders
  29 harpies
  8 orc sorcerers
  44 ugly things
  A harpy (shapeshifter) (D:15)
  A faun (shapeshifter) (Elf:3)
  6 cyclopes
  A fire giant zombie (Depths:3)
  11 fauns
  A frost giant zombie (D:15)
  A salamander (Depths:5)
  7 elephants (Lair:6)
  19 moths of wrath
  15 manticores
  2 ice statues (IceCv)
  A human skeleton (Vaults:3)
  5 centaur zombies
  9 merfolk sirens
  16 black mambas
  A guardian serpent (Lair:6)
  17 vault sentinels
  12 water nymphs
  3 gargoyles (Volcano)
  A cane toad (shapeshifter) (Vaults:2)
  2 torpor snails
  65 yaktaurs
  3 komodo dragons
  2 kobold demonologists
  17 cane toads
  11 ice devils
  A komodo dragon (shapeshifter) (Vaults:1)
  2 efreet
  7 freezing wraiths
  14 demonic crawlers
  A yaktaur skeleton (Vaults:3)
  A hellwing (Depths:3)
  A red devil (Depths:3)
  A guardian mummy (D:15)
  24 merfolk
  11 wind drakes
  7 tengu conjurers
  9 polar bears (Lair:6)
  35 jumping spiders
  15 hornets
  A polar bear (shapeshifter) (Vaults:1)
  6 trolls
  A jumping spider (shapeshifter) (Depths:4)
  A wolf spider simulacrum (D:15)
  2 hornets (shapeshifter)
  8 blink frogs (Lair:4)
  A sphinx simulacrum (Vaults:3)
  A harpy skeleton (Volcano)
  9 snapping turtles
  2 raiju (Lair:6)
  14 hippogriffs
  45 slime creatures
  18 dream sheep
  A fire giant simulacrum (Vaults:2)
  A spriggan zombie (Depths:3)
  Sigmund (D:6)
  21 water elementals
  2 spriggans (shapeshifter) (Depths:4)
  3 shadows
  83 redbacks
  A centaur simulacrum (D:14)
  3 flying skulls (Volcano)
  4 spriggan skeletons
  6 spriggans
  A human (shapeshifter) (Depths:4)
  9 wraiths
  3 air elementals
  A ynoxinul (Depths:3)
  53 yaks
  A yak (shapeshifter) (Vaults:1)
  31 tarantellas
  13 wyverns
  2 hogs (Spider:3)
  An alligator skeleton (Volcano)
  8 fire elementals
  20 humans (D:13)
  5 basilisks
  A golden eye (shapeshifter) (Vaults:3)
  4 chaos spawn
  7 vampire mosquitoes
  Menkaure (D:7)
  2 swamp worms (shapeshifter)
  17 wargs
  17 soldier ants
  13 hell hounds (Lair:6)
  Duvessa (D:6)
  22 water moccasins
  7 porcupines
  A swamp drake (D:9)
  2 ice beasts
  An eye of draining (shapeshifter) (Depths:3)
  A hornet zombie (D:15)
  3 eyes of draining
  A phantom (D:11)
  40 orc warriors
  A human zombie (Vaults:3)
  12 black bears
  28 ogres
  7 sky beasts
  27 wolves
  A necrophage (D:8)
  17 centaurs
  8 boggarts
  A crocodile (shapeshifter) (Vaults:4)
  11 crocodiles
  20 bullfrogs
  A gnoll sergeant (D:5)
  5 big kobolds
  4 earth elementals
  Dowan (D:6)
  A water moccasin zombie (D:8)
  A glowing shapeshifter simulacrum (Vaults:3)
  A wyvern skeleton (D:8)
  3 scorpions
  4 killer bees (D:12)
  18 wights (D:11)
  3 electric eels
  A nameless horror (D:9)
  2 howler monkeys
  8 jellies
  A quasit (D:7)
  A bullfrog zombie (D:5)
  A crimson imp (Depths:2)
  6 hounds
  4 centaur skeletons
  An iron imp (Depths:3)
  28 orc priests
  25 orc wizards
  4 bullfrog skeletons
  Jessica (D:2)
  An iguana (D:5)
  36 worker ants
  A killer bee zombie (D:7)
  2 naga skeletons (Volcano)
  3 hound skeletons
  A howler monkey zombie (D:6)
  2 worker ant zombies (D:11)
  8 gnolls
  18 adders
  5 shadow imps
  13 white imps
  11 ufetubi
  An ooze (D:3)
  An adder skeleton (D:9)
  2 worms
  3 leopard geckos
  91 orcs
  8 giant cockroaches
  7 hobgoblins
  7 jackals
  13 kobolds
  A quokka (D:10)
  A ball python (D:1)
  7 bats
  3 frilled lizards
  2 goblins
  2 leopard gecko skeletons
  3 rats (D:3)
  2 butterflies (Lair:4)
  3 fungi
  5 plants
  7 tentacles
2410 creatures vanquished.

Vanquished Creatures (collateral kills)
  Rupert (D:14)
  Gastronok (D:10)
  An elephant (Lair:6)
  3 yaks (Lair:3)
  A worker ant (D:10)
7 creatures vanquished.

Vanquished Creatures (others)
  A reaper (IceCv)
  A merfolk impaler (Shoals:4)
  A yaktaur captain (Vaults:5)
  A dancing weapon (Elf:2)
  An ogre mage (Vaults:4)
  A merfolk aquamancer (Shoals:4)
  A two-headed ogre (Vaults:5)
  A spriggan berserker (Depths:5)
  A deep troll earth mage (Depths:5)
  An orc high priest (Orc:2)
  A deep troll (Depths:5)
  3 deep elf magi
  A manticore (Shoals:4)
  A vault sentinel (Vaults:4)
  2 yaktaurs
  A merfolk (Shoals:1)
  A snapping turtle (Shoals:3)
  A redback (Spider:4)
  A tarantella (Spider:3)
  4 humans (Spider:3)
  An orc warrior (Vaults:5)
  3 ogres
  3 white imps (IceCv)
  3 ufetubi (IceCv)
  25 fungi
  50 plants
  29 tentacles
  4 withered plants (D:15)
144 creatures vanquished.

Grand Total: 2561 creatures vanquished

Notes
Turn   | Place    | Note
-------+----------+-------------------------------------------
     0 | D:1      | Gorglomux the Felid Ice Elementalist began the quest for
                  | the Orb.
     0 | D:1      | Reached XP level 1. HP: 7/7 MP: 4/4
   257 | D:1      | Reached XP level 2. HP: 11/11 MP: 0/6
   656 | D:2      | Noticed Jessica
   662 | D:2      | Killed Jessica
   662 | D:2      | Reached XP level 3. HP: 14/14 MP: 5/8
   667 | D:2      | Learned a level 3 spell: Frozen Ramparts
   706 | D:2      | Learned a level 3 spell: Ozocubu's Armour
   724 | D:2      | Reached skill level 3 in Spellcasting
  1040 | D:2      | Reached XP level 4. HP: 18/18 MP: 5/9
  1377 | D:2      | Found an ancient bone altar of Kikubaaqudgha.
  1929 | D:3      | Noticed a sky beast
  1948 | D:3      | Killed a sky beast
  1948 | D:3      | Reached XP level 5. HP: 10/21 MP: 3/12
  2336 | D:3      | Learned a level 4 spell: Hailstorm
  2504 | D:3      | Found an ornate altar of the Wu Jian Council.
  3110 | D:4      | Gained mutation: You are covered in thick fur. (AC +2)
                  | [Felid growth]
  3110 | D:4      | Reached XP level 6. HP: 24/24 MP: 8/13
  3200 | D:4      | Found a stormy altar of Qazlal.
  3241 | D:4      | Found a glowing golden altar of the Shining One.
  3841 | D:5      | Entered Level 5 of the Dungeon
  4719 | D:4      | Reached skill level 6 in Ice Magic
  4829 | D:4      | Learned a level 4 spell: Summon Ice Beast
  4863 | D:5      | Noticed an ice beast
  4872 | D:5      | Noticed a sky beast
  4885 | D:5      | Killed a sky beast
  4885 | D:5      | Reached skill level 1 in Conjurations
  4885 | D:5      | Reached XP level 7. HP: 27/27 MP: 6/15
  6506 | D:6      | Found a staircase to the Ecumenical Temple.
  6514 | Temple   | Entered the Ecumenical Temple
  6566 | Temple   | Became a worshipper of Warmaster Okawaru
  6627 | D:6      | Reached skill level 6 in Spellcasting
  6627 | D:6      | Reached XP level 8. HP: 28/31 MP: 5/18
  6667 | D:6      | Reached skill level 3 in Conjurations
  7288 | D:6      | Noticed Dowan
  7301 | D:6      | Noticed Duvessa
  7472 | D:6      | Killed Duvessa
  7472 | D:6      | Reached * piety under Okawaru
  7472 | D:6      | Reached skill level 3 in Dodging
  7472 | D:6      | Reached skill level 3 in Stealth
  7475 | D:6      | Killed Dowan
  7475 | D:6      | Reached skill level 1 in Fighting
  7475 | D:6      | Reached skill level 1 in Evocations
  7961 | D:6      | Reached skill level 2 in Fighting
  8316 | D:6      | Noticed Sigmund
  8320 | D:6      | Found a white marble altar of Elyvilon.
  8320 | D:6      | Found a snail-covered altar of Cheibriados.
  8344 | D:6      | Killed Sigmund
  8344 | D:6      | Reached skill level 3 in Evocations
  8344 | D:6      | Reached XP level 9. HP: 37/37 MP: 12/19
  8548 | D:6      | Reached skill level 3 in Fighting
  8838 | D:7      | Reached ** piety under Okawaru
  9092 | D:7      | Reached skill level 4 in Fighting
  9304 | D:7      | Reached skill level 1 in Invocations
  9391 | D:7      | Noticed Menkaure
  9402 | D:7      | Killed Menkaure
  9490 | D:7      | Noticed Harold
  9659 | D:7      | Found a shadowy altar of Dithmenos.
  9909 | D:7      | Reached skill level 5 in Fighting
 10478 | D:8      | Found the +11 plutonium sword {*Contam Stlth-}
 10479 | D:8      | Reached skill level 3 in Invocations
 10579 | D:8      | Reached *** piety under Okawaru
 10579 | D:8      | Reached skill level 6 in Fighting
 10952 | D:8      | Reached skill level 7 in Fighting
 10952 | D:8      | Reached XP level 10. HP: 47/47 MP: 9/20
 11044 | D:8      | Found a shattered altar of Ashenzari.
 11223 | D:8      | Found a sparkling altar of Nemelex Xobeh.
 11578 | D:8      | Reached skill level 8 in Fighting
 11779 | D:9      | Found a large runed translucent door.
 11779 | D:9      | Found a staircase to the Lair.
 11795 | D:9      | Reached **** piety under Okawaru
 11892 | D:9      | Reached skill level 9 in Fighting
 11909 | D:9      | Found a large runed translucent door.
 12275 | D:9      | Noticed Jaegizoku's ghost (journeyman HaHu)
 12302 | D:9      | Found Otiollup's Book Shoppe.
 12310 | D:9      | Bought a book of Changes for 300 gold pieces
 12315 | D:9      | Learned a level 4 spell: Ice Form
 12357 | D:9      | Reached skill level 1 in Summonings
 13004 | D:9      | Found a staircase to the Orcish Mines.
 13649 | D:9      | Killed Jaegizoku's ghost
 13649 | D:9      | Reached skill level 3 in Summonings
 13845 | D:10     | Entered Level 10 of the Dungeon
 14008 | D:10     | Reached ***** piety under Okawaru
 14015 | D:10     | Reached XP level 11. HP: 29/53 MP: 6/21
 14409 | D:10     | Noticed Gastronok
 14452 | D:10     | Found a runed translucent gate.
 14454 | D:10     | Found a runed translucent gate.
 14454 | D:10     | Found an opulent altar of Gozag.
 14455 | D:10     | Found a runed translucent gate.
 14456 | D:10     | Noticed a green ugly thing
 14457 | D:10     | Noticed kobby's ghost (journeyman NaFi)
 14462 | D:10     | Noticed a two-headed ogre
 14465 | D:10     | Noticed a centaur warrior
 14508 | D:10     | Killed a two-headed ogre
 14508 | D:10     | Reached skill level 9 in Ice Magic
 14576 | D:10     | Noticed an unseen horror
 14599 | D:10     | Killed an unseen horror
 14924 | D:10     | Killed a centaur warrior
 14954 | D:10     | Noticed a queen ant
 14966 | D:10     | Reached skill level 1 in Unarmed Combat
 14966 | D:10     | Killed a queen ant
 15264 | D:10     | Reached ****** piety under Okawaru
 15273 | D:10     | Reached skill level 3 in Unarmed Combat
 15759 | D:10     | Killed Gastronok
 16158 | D:10     | Noticed a two-headed ogre
 16164 | D:10     | Killed a two-headed ogre
 16408 | D:11     | Noticed an unseen horror
 16584 | D:11     | Killed an unseen horror
 16584 | D:11     | Gained mutation: Your thick and shaggy fur keeps you warm.
                  | (AC +3, rC+) [Felid growth]
 16584 | D:11     | Reached XP level 12. HP: 35/57 MP: 25/25
 16587 | D:11     | Reached skill level 6 in Invocations
 17292 | D:11     | Reached skill level 1 in Transmutations
 17743 | D:11     | Paralysed by an orc warrior for 5 turns
 17748 | D:11     | HP: 1/57 [troll (11)]
 17748 | D:11     | Slain by an orc warrior
 17749 | D:11     | Reached XP level 11. HP: 0/53 MP: 24/24
 18059 | D:11     | Noticed a wizard
 18068 | D:11     | Killed a wizard
 18068 | D:11     | Reached skill level 3 in Transmutations
 18081 | D:11     | Noticed a tengu warrior
 18100 | D:11     | Killed a tengu warrior
 18671 | D:11     | Noticed an eight-headed hydra
 18711 | D:11     | Noticed a purple ugly thing
 18711 | D:11     | Noticed a brown ugly thing
 19208 | D:11     | Killed a purple ugly thing
 19208 | D:11     | Reached skill level 10 in Fighting
 19212 | D:11     | Killed a brown ugly thing
 19661 | D:11     | You fall into a shaft and drop 1 floor!
 19926 | D:12     | Found a frozen archway.
 19958 | D:12     | Reached XP level 12. HP: 17/59 MP: 16/25
 20140 | IceCv    | Entered an ice cave
 20304 | IceCv    | Reached skill level 11 in Fighting
 20609 | IceCv    | Learned a level 5 spell: Blade Hands
 21203 | IceCv    | Noticed a reaper
 21439 | IceCv    | Killed a reaper
 21475 | IceCv    | Found the +5 scythe "Finisher" {speed, eviscerate}
 21836 | D:12     | Found Fuppyimoun's Weapon Emporium.
 21919 | D:12     | Reached skill level 6 in Transmutations
 22092 | D:12     | Found a blossoming altar of Fedhas.
 22401 | Lair:1   | Entered Level 1 of the Lair of Beasts
 23681 | Lair:2   | Noticed a five-headed hydra
 23689 | Lair:2   | Killed a five-headed hydra
 23749 | Lair:2   | You fall into a shaft and drop 2 floors!
 23749 | Lair:4   | Found a staircase to the Shoals.
 23769 | Lair:4   | Reached skill level 12 in Fighting
 26014 | Lair:4   | Reached XP level 13. HP: 21/65 MP: 22/26
 26379 | Lair:4   | Reached skill level 9 in Invocations
 26761 | Lair:4   | HP: 1/65 [lindwurm/blast of flame (17)]
 27484 | Lair:4   | You fall into a shaft and drop 2 floors!
 27484 | Lair:6   | Entered Level 6 of the Lair of Beasts
 27609 | Lair:5   | Reached skill level 9 in Transmutations
 27830 | Lair:5   | Reached skill level 13 in Fighting
 29573 | Lair:6   | Found the ring of Robustness {AC+8}
 29584 | Lair:6   | Reached skill level 6 in Dodging
 30158 | Lair:6   | Reached skill level 6 in Stealth
 30158 | Lair:6   | Reached XP level 14. HP: 37/70 MP: 24/27
 30208 | Lair:6   | Noticed Urug
 30490 | Lair:6   | Killed Urug
 31551 | Lair:6   | Found a viscous altar of Jiyva.
 31551 | Lair:6   | Found a staircase to the Slime Pits.
 32632 | Lair:6   | Reached skill level 6 in Unarmed Combat
 33197 | Lair:6   | Reached skill level 14 in Fighting
 33471 | Lair:6   | Reached skill level 9 in Dodging
 33588 | Lair:6   | Reached skill level 9 in Stealth
 35026 | D:13     | Got a heavily runed lapis lazuli ring
 35033 | D:13     | Identified the ring "Vyntuac" {*Slow rF++ MR+ Dex+6} (You
                  | found it on level 13 of the Dungeon)
 35182 | D:13     | You fall into a shaft and drop 2 floors!
 35182 | D:15     | Entered Level 15 of the Dungeon
 35182 | D:15     | Found a staircase to the Depths.
 35502 | D:14     | Reached XP level 15. HP: 75/75 MP: 28/28
 35514 | D:14     | Noticed Rupert
 35529 | D:14     | Killed Rupert
 35731 | D:13     | Found a snail-covered altar of Cheibriados.
 36813 | D:13     | Found a gate to the Vaults.
 36990 | D:13     | Learned a level 6 spell: Statue Form
 37248 | D:14     | Noticed Josephine
 37259 | D:14     | Killed Josephine
 37360 | D:14     | Reached skill level 1 in Earth Magic
 38708 | D:15     | Reached skill level 3 in Earth Magic
 39261 | Orc:1    | Entered Level 1 of the Orcish Mines
 39681 | Orc:2    | Entered Level 2 of the Orcish Mines
 39722 | Orc:2    | Found Muilo's Book Emporium.
 39795 | Orc:2    | Found a dark tunnel.
 39807 | Volcano  | Entered a volcano
 39877 | Volcano  | Reached skill level 9 in Spellcasting
 40220 | Orc:1    | Noticed Sonja
 40223 | Orc:1    | Killed Sonja
 40273 | Orc:1    | Found Alaratoa's Book Boutique.
 41185 | Orc:2    | HP: 3/91 [orc high priest/+0 dire flail (2)]
 41185 | Orc:2    | Slain by a soul eater
 41186 | Orc:2    | Reached XP level 14. HP: -2/86 MP: 18/28
 41407 | Orc:2    | Reached XP level 15. HP: 46/76 MP: 20/29
 41409 | Orc:2    | Found Xiextiuwk's Distillery.
 41409 | Orc:2    | Found Maavek's Gadget Emporium.
 41411 | Orc:2    | Found Birph's Antique Weapon Shop.
 41411 | Orc:2    | Found Myal Daji's Magic Scroll Emporium.
 41417 | Orc:2    | Bought a potion of resistance for 130 gold pieces
 41417 | Orc:2    | Bought a potion of ambrosia for 104 gold pieces
 41417 | Orc:2    | Bought a potion of brilliance for 52 gold pieces
 41417 | Orc:2    | Bought a potion of brilliance for 52 gold pieces
 41417 | Orc:2    | Bought a potion of heal wounds for 65 gold pieces
 41417 | Orc:2    | Bought a potion of might for 52 gold pieces
 41461 | Orc:2    | Bought a scroll of teleportation for 45 gold pieces
 41461 | Orc:2    | Bought a scroll of fear for 52 gold pieces
 41463 | Orc:2    | Bought a wand of paralysis (2) for 68 gold pieces
 41463 | Orc:2    | Bought a wand of paralysis (5) for 119 gold pieces
 41465 | Orc:2    | Bought a scroll of acquirement for 780 gold pieces
 41465 | Orc:2    | Bought a scroll of magic mapping for 52 gold pieces
 41465 | Orc:2    | Bought a scroll of identify for 30 gold pieces
 41465 | Orc:2    | Bought a scroll of identify for 30 gold pieces
 41465 | Orc:2    | Bought a scroll of summoning for 142 gold pieces
 41465 | Orc:2    | Acquired a book of Transfigurations
 41501 | Orc:2    | Found a staircase to the Elven Halls.
 41740 | Lair:4   | Found a hole to the Spider Nest.
 42179 | Spider:1 | Entered Level 1 of the Spider Nest
 42716 | Spider:1 | Noticed a ghost moth
 42886 | Spider:1 | Killed a ghost moth
 43412 | Spider:2 | Reached skill level 6 in Earth Magic
 43671 | Spider:2 | Reached skill level 12 in Transmutations
 44030 | Spider:2 | Noticed p0werm0de's ghost (journeyman MiFi)
 44096 | Spider:2 | Found a runed translucent gate.
 44097 | Spider:2 | Found a runed translucent gate.
 44098 | Spider:2 | Found a runed translucent gate.
 44686 | Spider:3 | Noticed Kirke
 44700 | Spider:3 | Killed Kirke
 45324 | Spider:4 | Entered Level 4 of the Spider Nest
 45400 | Shoals:1 | Entered Level 1 of the Shoals
 45429 | Shoals:1 | HP: 4/91 [wind drake/the air (20)]
 45682 | Shoals:1 | Reached XP level 16. HP: 36/80 MP: 4/31
 45717 | Shoals:1 | Found a flickering gateway to a bazaar.
 45729 | Bazaar   | Entered a bazaar
 45729 | Bazaar   | Found Awituwoat's Antique Weapon Boutique.
 45836 | Bazaar   | Found Bocs's Weapon Boutique.
 45852 | Bazaar   | Found Bamoanitz's Jewellery Emporium.
 45860 | Bazaar   | Bought the amulet of Vitality {Regen+ HP+15} for 869 gold
                  | pieces
 45860 | Bazaar   | Found the amulet of Vitality {Regen+ HP+15}
 45893 | Bazaar   | Found Tayxkol's Antique Armour Shoppe.
 45901 | Bazaar   | Found Qaraud's Jewellery Boutique.
 45909 | Bazaar   | Bought the ring of Shadows {Umbra +Inv Stlth+} for 520 gold
                  | pieces
 45909 | Bazaar   | Found the ring of Shadows {Umbra +Inv Stlth+}
 46537 | Shoals:1 | Reached skill level 9 in Earth Magic
 46724 | Shoals:2 | Learned a level 3 spell: Lesser Beckoning
 46928 | Shoals:2 | Reached skill level 1 in Translocations
 47300 | Shoals:2 | Reached skill level 3 in Translocations
 47883 | Shoals:3 | Noticed a kraken
 48018 | Shoals:3 | Reached skill level 6 in Translocations
 48410 | Shoals:3 | Noticed Polyphemus
 48451 | Shoals:3 | HP: 5/123 [death yak[Polyphemus] (14)]
 48993 | Shoals:3 | Killed Polyphemus
 48993 | Shoals:3 | Reached skill level 15 in Transmutations
 49400 | Shoals:3 | Killed a kraken
 49822 | Spider:4 | Reached XP level 17. HP: 84/84 MP: 19/32
 49959 | Spider:4 | Reached skill level 15 in Fighting
 49983 | Spider:4 | Reached skill level 9 in Unarmed Combat
 50304 | Spider:4 | Got a gossamer rune of Zot
 51167 | Vaults:1 | Entered Level 1 of the Vaults
 51874 | Vaults:1 | Learned a level 7 spell: Dragon Form
 51960 | Vaults:1 | Reached skill level 16 in Fighting
 52272 | Vaults:1 | Reached skill level 12 in Unarmed Combat
 52449 | Vaults:1 | Reached XP level 18. HP: 90/90 MP: 19/33
 53168 | Vaults:1 | HP: 3/106 [vault guard/+2 dire flail[a vault warden] (14)]
 53528 | Vaults:2 | Reached skill level 17 in Fighting
 53551 | Vaults:2 | Found a staircase to the Crypt.
 53583 | Vaults:2 | Found a runed translucent gate.
 53584 | Vaults:2 | Found a runed translucent gate.
 53585 | Vaults:2 | Found a runed translucent gate.
 53585 | Vaults:2 | Found an opulent altar of Gozag.
 53587 | Vaults:2 | Found Ythrenal's Assorted Antiques.
 53587 | Vaults:2 | Noticed Nybbakke's ghost (adept MiFi)
 53985 | Vaults:2 | Found Fiede's Antique Armour Shoppe.
 54983 | Vaults:3 | Reached XP level 19. HP: 97/97 MP: 30/34
 55093 | Vaults:3 | HP: 1/145 [yaktaur captain (21)]
 55407 | Vaults:3 | Reached skill level 18 in Fighting
 56575 | Vaults:4 | Reached skill level 15 in Unarmed Combat
 56659 | Vaults:4 | Found Ygrois's Assorted Antiques.
 56751 | Vaults:4 | Bought a wand of acid (7) for 320 gold pieces
 56999 | Vaults:4 | Reached skill level 19 in Fighting
 58032 | Vaults:4 | Reached skill level 20 in Fighting
 58047 | Vaults:4 | Reached XP level 20. HP: 105/105 MP: 35/35
 58927 | Elf:1    | Entered Level 1 of the Elven Halls
 59282 | Elf:1    | Identified the Almanac of Companions
 59493 | Elf:1    | Found a portal to a secret trove of treasure.
 59893 | Elf:1    | Found Quablism's Antique Armour Shoppe.
 60054 | Elf:2    | Reached skill level 6 in Evocations
 60087 | Elf:2    | Reached skill level 12 in Stealth
 60311 | Elf:2    | Reached skill level 12 in Dodging
 60452 | Elf:2    | Identified the Reference Book on Vitriolic Shape Shifting
 60545 | Elf:2    | Found a runed translucent gate.
 60545 | Elf:2    | Found a runed translucent gate.
 60550 | Elf:2    | Found a runed translucent gate.
 60616 | Elf:3    | Entered Level 3 of the Elven Halls
 60680 | Elf:3    | Found a magical portal.
 60723 | WizLab   | Entered Iskenderun's Mystic Tower
 62033 | WizLab   | Identified Iskenderun's Guide on Confrontation
 62033 | WizLab   | Identified Iskenderun's Tome of Confrontation
 62070 | WizLab   | Identified the Disquisition on the Flamy Glacier
 62070 | WizLab   | Identified the Almanac of Hairiness
 62961 | Elf:3    | Identified the +8 dagger of Josaffom {drain, rF++ Str+4}
 62970 | Elf:3    | Reached XP level 21. HP: 32/109 MP: 21/36
 62985 | Elf:2    | Reached skill level 9 in Evocations
 63118 | Elf:3    | Identified the +1 scimitar of the Lame Duck {freeze, Dex+5}
 63293 | Elf:3    | Identified the ring of Uschuxuw {rElec rN+ Str+2}
 63562 | Elf:3    | Identified the Grimoire of Poisoning and the Frostbite
 63567 | Elf:3    | Identified the Almanac of the Compass and Transmigration
 64109 | Depths:1 | Entered Level 1 of the Depths
 64384 | Shoals:4 | Entered Level 4 of the Shoals
 64384 | Shoals:4 | Found Voch's Antique Armour Shop.
 64395 | Shoals:4 | Got a translucent pewter ring
 64396 | Shoals:4 | Identified the ring "Ogo Qai" {rC+ Slay+4} (You found it on
                  | level 4 of the Shoals)
 64523 | Shoals:4 | Got a barnacled rune of Zot
 64907 | Shoals:4 | Reached skill level 15 in Dodging
 65040 | Shoals:4 | Found Qunlyno's Distillery.
 65048 | Shoals:4 | Bought a potion of haste for 160 gold pieces
 65048 | Shoals:4 | Bought a potion of ambrosia for 128 gold pieces
 65048 | Shoals:4 | Bought a potion of heal wounds for 80 gold pieces
 65048 | Shoals:4 | Bought a potion of ambrosia for 128 gold pieces
 65048 | Shoals:4 | Bought a potion of curing for 48 gold pieces
 65048 | Shoals:4 | Bought a potion of heal wounds for 80 gold pieces
 65048 | Shoals:4 | Bought a potion of heal wounds for 80 gold pieces
 65048 | Shoals:4 | Bought a potion of heal wounds for 80 gold pieces
 65048 | Shoals:4 | Bought a potion of curing for 48 gold pieces
 65048 | Shoals:4 | Bought a potion of curing for 48 gold pieces
 65048 | Shoals:4 | Bought a potion of heal wounds for 80 gold pieces
 65048 | Shoals:4 | Bought a potion of mutation for 128 gold pieces
 65347 | Shoals:4 | Found a runed translucent gate.
 65347 | Shoals:4 | Found a runed translucent gate.
 65347 | Shoals:4 | Found a runed translucent gate.
 65348 | Shoals:4 | Noticed Graouh's ghost (adept MiFi)
 65676 | Shoals:4 | Killed Graouh's ghost
 66118 | Depths:1 | Found a gateway to Hell.
 66579 | Depths:1 | Noticed an ancient lich
 66580 | Depths:1 | Identified the ring of Uprenoim {rCorr Int+4 Dex+4}
 66596 | Depths:1 | Killed an ancient lich
 66957 | Depths:1 | Found a sparkling altar of Nemelex Xobeh.
 67127 | Depths:2 | Reached XP level 22. HP: 78/114 MP: 23/38
 67334 | Depths:2 | Found a transporter.
 67386 | Depths:2 | Found a one-way gate leading to the halls of Pandemonium.
 67758 | Depths:2 | Reached skill level 18 in Unarmed Combat
 67891 | Depths:2 | Reached skill level 12 in Spellcasting
 67975 | Depths:2 | Found Athupebb's Changing Room.
 67986 | Depths:2 | Bought a potion of mutation for 184 gold pieces
 67986 | Depths:2 | Bought a potion of mutation for 184 gold pieces
 67986 | Depths:2 | Bought a potion of mutation for 184 gold pieces
 67986 | Depths:2 | Bought 2 potions of mutation for 368 gold pieces
 68052 | Depths:2 | Found a transporter.
 69082 | Depths:3 | Noticed a caustic shrike
 69084 | Depths:3 | Noticed Saint Roka
 69095 | Depths:3 | Killed a caustic shrike
 69122 | Depths:3 | Noticed Boris
 69141 | Depths:3 | Reached skill level 15 in Stealth
 69151 | Depths:3 | Killed Boris
 69156 | Depths:3 | Killed Saint Roka
 70078 | Depths:4 | Found a gateway to a ziggurat.
 70205 | Depths:4 | Identified the Volume of the Captivating Traveller
 70237 | Depths:4 | Found a one-way gate to the infinite horrors of the Abyss.
 70525 | Depths:4 | Reached XP level 23. HP: 117/117 MP: 35/41
 71559 | Depths:4 | Gained mutation: Your spells are a little harder to cast,
                  | but a little more powerful. [mutagenic glow]
 72022 | Depths:5 | Entered Level 5 of the Depths
 72206 | Depths:5 | Killed from afar by a spriggan air mage
 72207 | Depths:5 | Reached XP level 22. HP: -1/129 MP: 41/41
 72791 | Depths:5 | Found a gate to the Realm of Zot.
 73152 | Depths:5 | Found Rixkip's Antique Weapon Shoppe.
 73879 | Vaults:5 | Entered Level 5 of the Vaults
 73895 | Vaults:4 | Reached skill level 15 in Spellcasting
 74149 | Vaults:5 | Noticed an ancient lich
 74302 | Vaults:5 | Noticed an ancient lich
 74306 | Vaults:5 | Identified the +5 broad axe of the Grave {vorpal, Str+5}
 74313 | Vaults:4 | Killed an ancient lich
 74313 | Vaults:4 | Reached XP level 23. HP: 117/117 MP: 29/43
 74331 | Vaults:4 | Reached skill level 21 in Unarmed Combat
 74429 | Vaults:4 | Killed an ancient lich
 75292 | Vaults:5 | Noticed an ancient lich
 75306 | Vaults:4 | Killed an ancient lich
 75358 | Vaults:5 | Noticed a caustic shrike
 75542 | Vaults:5 | a caustic shrike changed into a quicksilver dragon
 75854 | Vaults:5 | Found Karchoar's Magic Scroll Shop.
 75854 | Vaults:5 | Found Amyming's Magic Scroll Shoppe.
 75858 | Vaults:5 | Bought a scroll of acquirement for 832 gold pieces
 75859 | Vaults:5 | Acquired 780 gold pieces
 75867 | Vaults:5 | Found Diow's Distillery.
 75868 | Vaults:5 | Bought a scroll of fog for 28 gold pieces
 75868 | Vaults:5 | Bought a scroll of teleportation for 42 gold pieces
 75868 | Vaults:5 | Bought a scroll of teleportation for 42 gold pieces
 75868 | Vaults:5 | Bought a scroll of magic mapping for 49 gold pieces
 75875 | Vaults:5 | Bought a potion of haste for 140 gold pieces
 75875 | Vaults:5 | Bought a potion of haste for 140 gold pieces
 75875 | Vaults:5 | Bought 2 potions of haste for 280 gold pieces
 75875 | Vaults:5 | Bought a potion of mutation for 112 gold pieces
 75885 | Vaults:5 | Noticed an ancient lich
 75895 | Vaults:5 | Killed an ancient lich
 76088 | Vaults:5 | Found Qoatal's Magic Scroll Shop.
 76161 | Vaults:5 | Bought a scroll of magic mapping for 63 gold pieces
 76168 | Vaults:5 | Found Kacaiham's Magic Scroll Emporium.
 76198 | Vaults:5 | Got a silver rune of Zot
 76738 | Vaults:5 | Found Geurph's Distillery.
 76742 | Vaults:5 | Bought a potion of heal wounds for 50 gold pieces
 76742 | Vaults:5 | Bought a potion of heal wounds for 50 gold pieces
 76983 | Vaults:5 | Lost mutation: Your spells are a little harder to cast, but
                  | a little more powerful. [potion of mutation]
 76983 | Vaults:5 | Gained mutation: Your mind is acute. (Int +2) [potion of
                  | mutation]
 76983 | Vaults:5 | Gained mutation: Potions are less effective at restoring
                  | your health. [potion of mutation]
 76983 | Vaults:5 | Gained mutation: You are weak. (Str -2) [potion of
                  | mutation]
 76983 | Vaults:5 | Gained mutation: You have a somewhat thin skeletal
                  | structure. (Dex +2, Stealth) [potion of mutation]
 76984 | Vaults:5 | Lost mutation: Potions are less effective at restoring your
                  | health. [potion of mutation]
 76984 | Vaults:5 | Lost mutation: You are weak. (Str -2) [potion of mutation]
 76984 | Vaults:5 | Lost mutation: Your mind is acute. (Int +2) [potion of
                  | mutation]
 76984 | Vaults:5 | Gained mutation: Your flesh is heat resistant. (rF+)
                  | [potion of mutation]
 76984 | Vaults:5 | Gained mutation: Potions are less effective at restoring
                  | your health. [potion of mutation]
 76984 | Vaults:5 | Gained mutation: You have a moderately thin skeletal
                  | structure. (Dex +4, Stealth+) [potion of mutation]
 76984 | Vaults:5 | Gained mutation: Your system is resistant to poisons.
                  | (rPois) [potion of mutation]
 76985 | Vaults:5 | Lost mutation: Your system is resistant to poisons. (rPois)
                  | [potion of mutation]
 76985 | Vaults:5 | Lost mutation: Potions are less effective at restoring your
                  | health. [potion of mutation]
 76985 | Vaults:5 | Gained mutation: You are agile. (Dex +2) [potion of
                  | mutation]
 76985 | Vaults:5 | Gained mutation: You possess an exceptional clarity of
                  | mind. [potion of mutation]
 77403 | Zot:1    | Entered Level 1 of the Realm of Zot
 77434 | Zot:1    | Reached XP level 24. HP: 123/123 MP: 43/43
 78630 | Zot:1    | Reached skill level 21 in Fighting
 78737 | Zot:2    | Found a runed translucent gate.
 78738 | Zot:2    | Found a runed translucent gate.
 78739 | Zot:2    | Found a runed translucent gate.
 78741 | Zot:2    | Noticed p0werm0de's ghost (adept DDFi)
 78754 | Zot:2    | Noticed a Killer Klown
 79000 | Zot:3    | Reached skill level 18 in Dodging
 79333 | Zot:5    | Entered Level 5 of the Realm of Zot
 79477 | Zot:5    | Noticed a Killer Klown
 79876 | Zot:5    | Killed a Killer Klown
 79876 | Zot:5    | Reached XP level 25. HP: 129/129 MP: 35/43
 80698 | Zot:5    | Reached skill level 22 in Fighting
 80735 | Zot:5    | Noticed an ancient lich
 80754 | Zot:5    | Killed an ancient lich
 80763 | Zot:5    | Noticed an orb of fire
 80779 | Zot:5    | Killed an orb of fire
 81065 | Zot:5    | Noticed an orb of fire
 81065 | Zot:5    | Gained mutation: Your body sometimes deteriorates upon
                  | taking damage. [an orb of fire]
 81079 | Zot:5    | Noticed a Killer Klown
 81080 | Zot:5    | Killed an orb of fire
 81096 | Zot:5    | Killed a Killer Klown
 81096 | Zot:5    | Reached skill level 12 in Evocations
 81156 | Zot:5    | Reached skill level 23 in Fighting
 81188 | Zot:5    | Noticed an orb of fire
 81199 | Zot:5    | Killed an orb of fire
 81380 | Zot:5    | Noticed a Killer Klown
 81394 | Zot:5    | Killed a Killer Klown
 81418 | Zot:5    | Noticed an orb of fire
 81422 | Zot:5    | Gained mutation: You are dopey. (Int -2) [an orb of fire]
 81427 | Zot:5    | Killed an orb of fire
 81428 | Zot:5    | Noticed a Killer Klown
 81440 | Zot:5    | Killed a Killer Klown
 81471 | Zot:5    | Noticed an orb of fire
 81482 | Zot:5    | Killed an orb of fire
 81640 | Zot:5    | Reached skill level 24 in Fighting
 81641 | Zot:5    | Noticed a Killer Klown
 81658 | Zot:5    | Killed a Killer Klown
 81658 | Zot:5    | Reached XP level 26. HP: 138/138 MP: 42/43
 81689 | Zot:5    | Got the Orb of Zot
 81830 | Depths:5 | Noticed Wisami Diqo the pandemonium lord
 82113 | D:8      | Noticed Cius the pandemonium lord
 82119 | D:8      | Killed Cius the pandemonium lord
 82256 | D:$      | Escaped with the Orb!

Illustrated notes

Levels and vault maps discovered:
D:1:      dpeg_arrival_brainrot, layout_rooms
D:2:      layout_basic, lemuel_doored_altar, minmay_box_of_dots, uniq_jessica
D:3:      layout_basic, marbit_many_paths, kennysheep_generic_room_3
D:4:      layout_rooms, overflow_temple_1_default, lemuel_crystal_altar,
          kennysheep_potato
D:5:      layout_gridville
D:6:      layout_rooms, gammafunk_temple_overflow_statue,
          minmay_temple_entry_purple_smoke, minmay_crystal_water, st_stairs_8,
          serial_bayou_ford_a, uniq_sigmund, uniq_duvessa
D:7:      layout_loops_ring, grunt_dithmenos_smoke, lemuel_flamethrower_2,
          uniq_menkaure, uniq_harold
D:8:      layout_loops_ring, nicolae_overflow_hidden_temple,
          lemuel_coloured_pillars_altar
D:9:      layout_small_grid, due_lair_maze_entry_diamond, erik_orc_1,
          serial_rivers, chequers_serial_rivers_marsh,
          chequers_serial_rivers_micro_d, chequers_serial_rivers_micro_c,
          chequers_serial_rivers_large_a, serial_shops,
          nicolae_shop_temple_entry_statues_fountains,
          ebering_ghost_disaster_area
D:10:     minmay_clustersquares, layout_rooms, ebering_ghost_gozag,
          zaba_anthell, uniq_gastronok
D:11:     minmay_the_grid_4x2 [minmay_the_grid_outer_diamond,
          minmay_the_grid_diamond_grid, minmay_the_grid_doors,
          minmay_the_grid_holed_spiral, minmay_the_grid_minigrid_small_alt,
          minmay_the_grid_minigrid_small, minmay_the_grid_rooms,
          minmay_the_grid_prize_inner_circle], layout_loops_ring
D:12:     layout_rooms, serial_shops, shop, basic_altar,
          portal_ice_cave_demonic_guard
D:13:     lemuel_upstairs_altar, layout_rooms, grunt_vaults_entry_tiered
D:14:     layout_basic, minivault_11, roderic_lattice_a, uniq_josephine,
          uniq_rupert
D:15:     gammafunk_depths_entry_grave, layout_basic,
          minmay_misc_feat_diagonals, corexii_hall_statues_x
Temple:   cyrus_circular_temple
Lair:1:   layout_chaotic_city
Lair:2:   layout_misc_corridors, lemuel_fruit_tree
Lair:3:   layout_small_grid
Lair:4:   beast_lair_carwin_large_1, layout_loops_ring,
          elwin_shoals_entry_rocks, nicolae_spider_entry_tight_spaces,
          minmay_lair_oklob_chamber, lemuel_fruit_fields, lemuel_fruit_fields
Lair:5:   beast_lair_carwin_large_2, layout_regular_city, minmay_holes,
          serial_bayou_shore_b
Lair:6:   hangedman_lair_tendril_chambers, layout_long_grid,
          hangedman_lair_caniforms_friends, dpeg_slime_entry_enclosed_altar,
          uniq_urug
Shoals:1: layout_shoals, serial_shops, bzr_firewalk
Shoals:2: layout_shoals, nicolae_shoals_dead_sea_scrolls
Shoals:3: layout_shoals, uniq_polyphemus
Shoals:4: shoals_end_simple, layout_shoals, ebering_ghost_rock_garden,
          serial_shops, shop, nicolae_shop_overgrown_old_shop, abandoned_shop
Spider:1: layout_spider_delve
Spider:2: layout_spider_delve, gammafunk_ghost_split, nicolae_spider_nook
Spider:3: layout_spider_delve, einodemon_crawler_minivault, uniq_kirke
Spider:4: grunt_spider_rune_circles
Orc:1:    layout_caves, serial_shops, shop, uniq_sonja
Orc:2:    grunt_orc_tribal_feast, layout_diamond_mine,
          nicolae_volcano_entry_hallway, guppyfry_orc_lava_fort
Elf:1:    elf_arrival_001, layout_geoelf_octagon, enter_trove_5, serial_shops,
          shop, minmay_elf_demonology
Elf:2:    layout_onion_city, serial_sigils, serial_sigils_hangedman_gnaw,
          serial_sigils_hangedman_scratch, serial_sigils_hangedman_scar,
          serial_sigils_hangedman_stare, serial_sigils_hangedman_shear
Elf:3:    minmay_elf_hall_spiked, layout_geoelf_diagonals, mu_enter_wizlab_2
Vaults:1: nicolae_vaults_statue_guard, v_pattern_5, v_misc_33, v_misc_29,
          v_misc_27, vaults_mumra_minichess_inversion, vaults_room_fancy_cross,
          ontoclasm_vaults_eye, v_misc_13, v_misc_17, vaults_dpeg_cross,
          ontoclasm_vaults_loading_screen, layout_vaults_omnibox
Vaults:2: ebering_vaults_ghost_gozag, nicolae_vaults_big_angled_halls,
          minmay_crypt_entry_simple_statues, grunt_vaults_trifunnel,
          nicolae_vaults_three_branches, ontoclasm_vaults_claustrophobia,
          nicolae_vaults_shelves_hall, vaults_standard_mumra_lines,
          vaults_dpeg_encased_lava, v_misc_17, nicolae_vaults_theta,
          layout_vaults_omnicross, serial_shops, shop
Vaults:3: vaults_room_fours, vaults_room_hallway, vaults_room_stairs_pillars,
          v_misc_12, nicolae_vaults_sealed_display, dpeg_vaults_monster_box,
          layout_vaults_omnigrid
Vaults:4: dpeg_vaults_monster_row, hangedman_vaults_corner_blocks,
          vaults_mumra_hex, v_misc_15, hangedman_vaults_nodes,
          ontoclasm_vaults_twist, v_misc_9, layout_vaults_chaotic_city,
          serial_shops, shop
Vaults:5: serial_shops
Depths:1: layout_forbidden_donut, nemelex_xobeh_ov_fountains_minmay,
          hangedman_tar_grid_catacomb, dk_noncrumbling_2,
          minmay_misc_feat_hallway, nzn_random_ring
Depths:2: gammafunk_the_bubble [the_bubble_gammafunk_grid], layout_gridlike,
          hangedman_geh_valley, pan_entry, chequers_serial_rivers_micro_c,
          nicolae_transmutations_shop, kennysheep_random_hallway,
          infiniplex_staircase_diamond, serial_bayou_shore_a
Depths:3: kennysheep_big_flooded_room, layout_twisted_cross, minmay_door_square,
          hell_entry, grunt_pan_entry_zigzag, infiniplex_staircase_diamond,
          uniq_saint_roka, uniq_boris
Depths:4: minmay_spiral_squares, layout_gridlike, enter_ziggurat_c,
          minmay_room_of_horrors, hell_entry, chequers_jeans
Depths:5: evilmike_zot_entry_basic, layout_cave_shapes, nicolae_two_hexagons,
          serial_column_ruins, column_ruins_portal_squares,
          column_ruins_columns_straight, column_ruins_columns_water,
          column_ruins_open_small, column_ruins_open_small,
          column_ruins_corridor_corner, column_ruins_grid_1, hell_entry,
          serial_shops, shop
Zot:1:    kennysheep_ambush_hall, layout_gridlike
Zot:2:    minmay_elemental_castle, layout_basic, gammafunk_ghost_split
Zot:3:    layout_onion, ebering_ghost_xom
Zot:4:    layout_onion
Zot:5:    layout_twisted_circle, guppyfry_library_mini

Skill      XL: |  1  2  3  4  5  6  7  8  9 10 11 12 13 14 15 16 17 18 19 20 21 22 23 24 25 |
---------------+----------------------------------------------------------------------------+-----
Ice Magic      | 4 5 6 7 8 10 | 10.0
Spellcasting   | 3 4 5 6 8 10 11 15 14 | 15.0
Conjurations   | 1 2 3 4 |  4.0
Dodging        | 4 5 6 9 10 13 15 19 20 | 20.0
Stealth        | 5 6 9 10 12 16 | 16.0
Fighting       | 2 7 9 10 12 13 14 16 17 20 21 24 | 24.1
Evocations     | 3 4 8 10 12 | 12.0
Invocations    | 4 8 7 10 11 | 11.0
Summonings     | 4 |  4.0
Unarmed Combat | 5 7 8 12 14 15 16 17 20 22 | 22.0
Transmutations | 5 7 9 13 15 17 | 17.0
Earth Magic    | 8 9 |  9.0
Translocations | 8 |  8.9

Action                   |  1- 3 |  4- 6 |  7- 9 | 10-12 | 13-15 | 16-18 | 19-21 | 22-24 | 25-27 || total
-------------------------+-------+-------+-------+-------+-------+-------+-------+-------+-------++-------
Melee: Unarmed           |    13 |    72 |   187 |   804 |  1799 |  1394 |  1498 |  1585 |   261 ||  7613
       Bite              |       |     9 |    16 |    39 |   103 |   158 |   193 |   200 |    39 ||   757
       Punch             |       |       |       |    11 |    31 |    88 |   158 |   167 |    37 ||   492
       Tailslap          |       |       |       |       |       |     2 |    10 |    33 |     8 ||    53
 Cast: Freeze            |    18 |    54 |    93 |   127 |    21 |       |       |       |       ||   313
       Frozen Ramparts   |     3 |    12 |    29 |    72 |    60 |    34 |    12 |     5 |       ||   227
       Ozocubu's Armour  |       |     7 |    16 |    23 |    41 |     2 |     2 |     4 |       ||    95
       Hailstorm         |       |       |    18 |    64 |    72 |    15 |    20 |     5 |       ||   194
       Summon Ice Beast  |       |       |       |    18 |     7 |       |       |       |       ||    25
       Ice Form          |       |       |       |    40 |    74 |     6 |       |       |       ||   120
       Blade Hands       |       |       |       |       |    19 |     2 |     2 |       |       ||    23
       Statue Form       |       |       |       |       |    14 |    67 |    85 |    65 |    10 ||   241
       Lesser Beckoning  |       |       |       |       |       |    19 |    14 |    15 |     4 ||    52
       Dragon Form       |       |       |       |       |       |     2 |     7 |    13 |     7 ||    29
Invok: Heroism           |       |       |     5 |    49 |    87 |    38 |    43 |    54 |    13 ||   289
       Finesse           |       |       |       |    12 |    38 |    15 |    12 |    20 |     7 ||   104
 Abil: End Transformatio |       |       |       |     1 |     4 |     1 |     2 |     1 |     2 ||    11
       Evoke Invisibilit |       |       |       |       |       |       |     8 |    24 |     2 ||    34
       Breathe Fire      |       |       |       |       |       |       |     1 |       |       ||     1
Evoke: Wand              |       |     2 |    15 |    13 |    28 |    11 |     3 |     1 |     1 ||    74
       Phial of floods   |       |       |       |     1 |     1 |       |       |       |       ||     2
       Condenser vane    |       |       |       |       |     3 |       |     2 |     1 |       ||     6
       Box of beasts     |       |       |       |       |     1 |       |       |       |       ||     1
  Use: Scroll            |       |     7 |     6 |    14 |    20 |     7 |    10 |     7 |     5 ||    76
       Potion            |       |       |       |     1 |     7 |     8 |     1 |     9 |     7 ||    33
 Stab: Sleeping          |     7 |     8 |     8 |    24 |    38 |    12 |    34 |   101 |     1 ||   233
       Paralysed         |       |       |       |     5 |     5 |     1 |     1 |     1 |       ||    13
       Distracted        |       |       |       |     1 |     4 |     4 |     4 |     6 |       ||    19
       Held in net/web   |       |       |       |       |     2 |       |       |       |       ||     2
       Invisible         |       |       |       |       |       |    14 |    13 |    62 |     2 ||    91
Armor: Skin              |     4 |    16 |    53 |   121 |   642 |   630 |   444 |   443 |    63 ||  2416
Dodge: Dodged            |    28 |   112 |   312 |   677 |  2451 |  3506 |  2142 |  2419 |   282 || 11929

Table legend: (Time is in decaauts)
 A = Elapsed time spent in this place.
 B = Non-inter-level travel time spent in this place.
 C = Inter-level travel time spent in this place.
 D = Time resting spent in this place.
 E = Time spent auto-exploring this place.
 F = Levels seen in this place.
 G = Mean time per level.
                   A        B        C        D        E       F      G
               +--------+--------+--------+--------+--------+-----+--------+
         Total |  79112 |  73823 |   5289 |  14613 |  41056 |  54 | 1465.0 |
       Dungeon |  24313 |  22228 |   2085 |   4923 |  13318 |  15 | 1620.9 |
        Temple |    202 |    193 |      9 |    153 |     34 |   1 |  202.0 |
          Lair |  12397 |  11720 |    677 |   2500 |   7373 |   6 | 2066.2 |
        Shoals |   6062 |   5590 |    472 |    695 |   2992 |   4 | 1515.5 |
   Spider Nest |   4115 |   3801 |    314 |    533 |   2072 |   4 | 1028.8 |
  Orcish Mines |   1680 |   1492 |    188 |    139 |    904 |   2 |  840.0 |
   Elven Halls |   3460 |   3345 |    115 |    193 |   2055 |   3 | 1153.3 |
        Vaults |  11542 |  10844 |    698 |   1906 |   5935 |   5 | 2308.4 |
        Depths |   7632 |   7138 |    494 |    923 |   4227 |   5 | 1526.4 |
           Zot |   4047 |   3814 |    233 |   1144 |   1179 |   5 |  809.4 |
        Bazaar |    193 |    193 |      0 |      0 |    159 |   1 |  193.0 |
      Ice Cave |   1359 |   1359 |      0 |    806 |    237 |   1 | 1359.0 |
       Volcano |    241 |    241 |      0 |     36 |      0 |   1 |  241.0 |
        Wizlab |   1864 |   1864 |      0 |    657 |    565 |   1 | 1864.0 |
               +--------+--------+--------+--------+--------+-----+--------+

Top non-repeatable levels by time:
Vaults:4: 4033 daAuts
  Lair:6: 3956 daAuts
  Lair:4: 2723 daAuts
    D:10: 2655 daAuts
    D:11: 2648 daAuts
  Lair:5: 2623 daAuts
Depths:4: 2604 daAuts
Vaults:1: 2284 daAuts
     D:9: 2239 daAuts
Vaults:3: 2143 daAuts
   Zot:5: 2105 daAuts
     D:5: 2057 daAuts
     D:6: 2054 daAuts
    D:14: 2022 daAuts
Shoals:3: 1869 daAuts
